 Dungeon Crawl Stone Soup version 0.30-a0-782-ge64f9170bb (webtiles) character file.

Game seed: 4164930207994219511

151 theswoord the Twirler (level 5, -10/38 HPs)
             Began as a Demonspawn Gladiator on Mar 13, 2023.
             Mangled by a gnoll
             ... wielding a +0 halberd
              (12 damage)
             ... on level 3 of the Dungeon.
             The game lasted 00:02:30 (1352 turns).

theswoord the Twirler (Demonspawn Gladiator)        Turns: 1352, Time: 00:02:31

Health: -10/38     AC:  6    Str: 15 (17) XL:     5   Next: 11%
Magic:  5/5        EV: 10    Int:  7 (9)  God:
Gold:   109        SH:  0    Dex: 13 (14) Spells: 4/4 levels left

rFire   . . .      SeeInvis .    a - +0 quarterstaff
rCold   . . .      Faith    .    (shield currently unavailable)
rNeg    . . .      Spirit   .    k - +0 scale mail
rPois   .          Reflect  .    (helmet restricted)
rElec   .          Harm     .    (no cloak)
rCorr   .          Rampage  .    (no gloves)
Will    .....                    (no boots) Stlth
                                 (no amulet)
HPRegen 0.26/turn                (no ring)
MPRegen 0.09/turn                (no ring)

@: hasted, very quick
A: horns 1, powered by death 1
a: no special abilities


You were on level 3 of the Dungeon.
You visited 1 branch of the dungeon, and saw 3 of its levels.

You collected 109 gold pieces.

Inventory:

Hand Weapons
 a - a +0 quarterstaff (weapon)
Missiles
 d - 3 throwing nets (quivered)
 e - a javelin
Armour
 b - a +0 leather armour
 c - a +0 helmet
 k - a +0 scale mail (worn)
Jewellery
 j - an amulet of faith
Scrolls
 f - 2 scrolls of vulnerability
 h - 2 scrolls of identify
 n - 2 scrolls of teleportation
 o - a scroll of immolation
Potions
 g - 2 potions of lignification
 l - a potion of haste
 m - a potion of flight {unknown}
 p - 3 potions of heal wounds {unknown}
 q - a potion of curing {unknown}


   Skills:
 - Level 2.0 Fighting
 + Level 5.3 Staves
 - Level 1.7 Throwing
 - Level 2.6 Dodging


You had 4 spell levels left.
You didn't know any spells.
Your spell library was empty.

Dungeon Overview and Level Annotations

Branches:
Dungeon (3/15)

Altars:
Uskayaw

Shops:
D:1 [


Innate Abilities, Weirdness & Mutations

You have a pair of small horns on your head.
You regenerate a little health from kills.


Message History

You kill the gnoll!
A gnoll comes into view. It is wielding a +0 spear.
The gnoll misses you.
You have reached level 5!
The gnoll barely misses you.
Things that are here:
a +0 short sword; the felid corpse of Natasha; an orc corpse
There is a stone staircase leading up here.
You climb upwards.
There is a stone staircase leading down here.
You start resting.
You climb downwards.
The gnoll hits you with a +0 spear. x2
The gnoll hits you from afar with a +0 halberd.
There is a stone staircase leading up here.
You barely miss the gnoll.
You headbutt the gnoll, but do no damage.
The gnoll hits you but does no damage.
The gnoll hits you from afar with a +0 halberd.
You sock the gnoll! You headbutt the gnoll.
The gnoll hits you but does no damage. The gnoll closely misses you.
You sock the gnoll!
You kill the gnoll!
The gnoll hits you from afar with a +0 halberd!
* * * LOW HITPOINT WARNING * * *
The gnoll barely misses you.
Things that are here:
a +0 spear; a gnoll corpse You closely miss the gnoll.
The gnoll hits you with a +0 halberd!
* * * LOW HITPOINT WARNING * * *
You hit the gnoll. The gnoll hits you with a +0 halberd.
* * * LOW HITPOINT WARNING * * *
You barely miss the gnoll. The gnoll hits you with a +0 halberd.
* * * LOW HITPOINT WARNING * * *
It was a potion of degeneration.
There was something very wrong with that liquid.
You feel weakened.
You feel dopey.
You feel clumsy. The gnoll barely misses you.
It was a potion of haste.
You feel yourself speed up. The gnoll hits you with a +0 halberd!
You die...

## #.#. ########
.###.#.####......###.#
...(........g........#
........###.####.#####
......†.# #.# #.#
.....##.###.# #.#
....# #....g# #.# ...#
###.#.# #g# ...# #.#.#
#@# .#)######†#.# #<#
.......g)...# #.#
...######...# #.#
......###...# #.#
..###.##..### #.# ..#
#.##.## #.# #.#
#.#...######.# #.#
#............#


You could see a gnoll.

Vanquished Creatures
  Jessica (D:3)
  Natasha (D:3)
  2 gnolls (D:3)
  2 adders
  A worm (D:2)
  2 dart slugs
  An orc (D:3)
  4 ball pythons
  3 endoplasms
  4 giant cockroaches
  7 goblins
  8 hobgoblins
  A quokka (D:1)
  5 bats
  A frilled lizard (D:1)
  5 kobolds
  6 rats
54 creatures vanquished.

Notes
Turn   | Place    | Note
-------+----------+-------------------------------------------
     0 | D:1      | theswoord the Demonspawn Gladiator began the quest for the
                  | Orb.
     0 | D:1      | Reached XP level 1. HP: 16/16 MP: 1/1
    41 | D:1      | Reached skill level 3 in Staves
   100 | D:1      | Found Jemneobb's Armour Emporium.
   129 | D:1      | Gained mutation: You regenerate a little health from kills.
                  | [demonic ancestry]
   129 | D:1      | Reached XP level 2. HP: 22/22 MP: 2/2
   469 | D:1      | Reached XP level 3. HP: 23/27 MP: 3/3
   789 | D:2      | Found a hide-covered altar of Uskayaw.
   811 | D:2      | Reached skill level 4 in Staves
   965 | D:2      | Found a faded altar of an unknown god.
  1237 | D:3      | Noticed Natasha
  1246 | D:3      | Killed Natasha
  1247 | D:3      | Gained mutation: You have a pair of small horns on your
                  | head. [demonic ancestry]
  1247 | D:3      | Reached XP level 4. HP: 33/33 MP: 4/4
  1282 | D:3      | Noticed Jessica
  1290 | D:3      | Killed Jessica
  1291 | D:3      | Reached skill level 5 in Staves
  1303 | D:3      | Reached XP level 5. HP: 27/38 MP: 5/5
  1350 | D:3      | HP: 1/38 [gnoll/+0 halberd (2)]
  1352 | D:3      | Mangled by a gnoll

Skill      XL: |  1  2  3  4 |
---------------+-------------+-----
Staves         | 3 4 5 |  5.3
Fighting       | |  2.0
Throwing       | |  1.7
Dodging        | |  2.6

Action                     |  1- 3 |  4- 6 || total
---------------------------+-------+-------++-------
  Melee: Quarterstaff      |   153 |    23 ||   176
         Headbutt          |       |     8 ||     8
    Use: Scroll            |     4 |       ||     4
         Potion            |       |     2 ||     2
 Armour: Leather armour    |     7 |       ||     7
         Scale mail        |    61 |     5 ||    66
  Dodge: Dodged            |   100 |    17 ||   117

Levels and vault maps discovered:
D:1:      saegor_arrival_simple_c, layout_loops_ring, serial_shops,
          nicolae_shop_hallway_plus
D:2:      layout_basic, hellmonk_ecumenical_altar_blasted, basic_altar
D:3:      layout_loops_ring, chequers_decorated_corner, uniq_jessica,
          uniq_natasha
